 Dungeon Crawl Stone Soup version 0.23.2-30-g0e89c35649 (webtiles) character file.

Game seed: 7260443991452395901

101096 Electrofox the Warrior (level 15, -8/157 HPs)
             Began as a Minotaur Berserker on June 10, 2019.
             Was the Champion of Trog.
             Incinerated by a deep elf mage (9 damage)
             ... with a sticky flame
             ... on level 2 of the Elven Halls on June 11, 2019.
             The game lasted 04:01:00 (35618 turns).

Electrofox the Warrior (Minotaur Berserker)        Turns: 35618, Time: 04:01:01

Health: -8/157     AC: 19    Str: 25    XL:     15   Next: 82%
Magic:  19/19      EV: 13    Int:  7    God:    Trog [******]
Gold:   3228       SH: 11    Dex: 13    Spells: 14/14 levels left

rFire    . . .     SeeInvis .   a - +2 demon trident (venom)
rCold    . . .     Gourm    .   O - +2 buckler {reflect}
rNeg     . . .     Faith    .   x - +0 plate armour
rPois    .         Spirit   .   (helmet restricted)
rElec    .         Reflect  +   P - +0 cloak {+Inv}
rCorr    .         Harm     .   K - +0 pair of gloves
MR       ++...                  (no boots)
Stlth    ..........             G - +4 amulet of reflection
HPRegen  0.36/turn              n - ring of protection from magic
MPRegen  0.16/turn              r - +3 ring of dexterity

@: liquid flames, berserk cooldown, slowed, glowing, very slow
A: retaliatory headbutt, horns 2
a: Berserk, Trog's Hand, Brothers in Arms, Renounce Religion, Evoke Invisibility


You were on level 2 of the Elven Halls.
You worshipped Trog.
Trog was exalted by your worship.
You were not hungry.

You visited 4 branches of the dungeon, and saw 23 of its levels.
You also visited: Sewer and Gauntlet.

You collected 3228 gold pieces.

Inventory:

Hand Weapons
 a - a +2 demon trident of venom (weapon)
 b - a +2 hunting sling of flaming
 E - a +1 demon trident of draining
 L - a +2 antimagic rapier
Missiles
 g - 728 stones (quivered)
Armour
 x - a +0 plate armour (worn)
 K - a +0 pair of gloves (worn)
 O - a +2 buckler of reflection (worn)
 P - a +0 cloak of invisibility (worn)
Jewellery
 n - a ring of protection from magic (left hand)
 r - a +3 ring of dexterity (right hand)
 y - an uncursed ring of see invisible
 G - a +4 amulet of reflection (around neck)
 I - an uncursed ring of protection from fire
 M - a +1 ring of protection
 Z - an uncursed ring of positive energy
Wands
 k - a wand of random effects (18)
 p - a wand of scattershot (7)
 D - a wand of iceblast (40)
 J - a wand of acid (22)
 N - a wand of disintegration (18)
 R - a wand of digging (12)
 S - a wand of enslavement (17)
 T - a wand of paralysis (9)
 Y - a wand of polymorph (4)
Scrolls
 d - 2 scrolls of identify
 h - 10 scrolls of remove curse
 l - a scroll of torment {unknown}
 o - 12 scrolls of teleportation
 q - 7 scrolls of magic mapping
 t - 4 scrolls of enchant weapon
 v - 9 scrolls of blinking
 B - a scroll of silence
 C - 2 scrolls of immolation
 F - a scroll of fear {unknown}
 W - 2 scrolls of fog
Potions
 e - 3 potions of resistance
 f - 7 potions of haste
 i - a potion of might
 j - 3 potions of invisibility
 m - 2 potions of agility
 s - 7 potions of heal wounds
 w - 4 potions of flight
 z - 12 potions of curing
 A - 2 potions of berserk rage
 V - a potion of ambrosia
Miscellaneous
 u - a fan of gales
 Q - a phial of floods
Comestibles
 c - 45 rations


   Skills:
 * Level 20.7 Fighting
 - Level 14.0 Polearms
 - Level 14.0 Armour
 - Level 12.0 Dodging
 - Level 4.2 Shields
 + Level 7.9 Evocations


You had 14 spell levels left.
You didn't know any spells.
Your spell library was empty.

Dungeon Overview and Level Annotations

Branches:
Dungeon (13/15)            Temple (0/1) D:5            Lair (6/6) D:9
  Swamp (0/4) Lair:4        Snake (0/4) Lair:4        Slime (0/5) Lair:6
    Orc (2/2) D:12            Elf (2/3) Orc:2        Vaults (0/5) D:13

Altars:
Okawaru
Uskayaw
Vehumet
Wu Jian
Yredelemnul
Beogh
Jiyva

Shops:
Orc:2 [**}   Elf:2 :

Annotations:
Lair:2 exclusion: 2 oklob plants
Lair:5 1 runed translucent door, exclusion: door, Qeimiotua's ghost, journeyman MiFi
Lair:6 1 runed translucent door, exclusion: door


Innate Abilities, Weirdness & Mutations

You reflexively headbutt those who attack you in melee.
You have a pair of horns on your head.


Message History

The deep elf mage casts a spell at you. The sticky flame hits you.
You are covered in liquid flames!
* * * LOW HITPOINT WARNING * * *
You hit the deep elf mage but do no damage.
You headbutt the deep elf mage!
The deep elf mage is heavily wounded.
You are covered in liquid flames!
* * * LOW HITPOINT WARNING * * *
The deep elf mage barely misses you.
You impale the deep elf mage!!
You kill the deep elf mage!
Trog accepts your kill.
Trog appreciates your killing of a magic user.
You are covered in liquid flames!
* * * LOW HITPOINT WARNING * * *
The deep elf mage casts a spell.
The deep elf mage blinks!
You are covered in liquid flames!
You die...

.....................
.....................
....................
######..)######+###
.....#...'........#..# ..
.....#...#........#..+...
.....#...#........#..#..
.....#...#.....[..#..#.
.....#...#......@.#.?##+##.
....>#...########'#........
.(...#................e....
.....#............)........
.....#...##########).#####
.....#...#....[...#).#
.....#...#........#ยง.#...#..#
.....#...#........#..#...#..#
.....#...#........+..#?..+..#


There were no monsters in sight!

Vanquished Creatures
  A deep elf sorcerer (Elf:1)
  A deep elf elementalist (Orc:2)
  An ogre mage (D:12)
  4 vault guards (D:13)
  8 hydras
  A hell beast (Gauntlet)
  Erica (D:9)
  2 centaur warriors (D:13)
  2 two-headed ogres
  6 death yaks
  5 dancing weapons
  9 orc high priests (Orc:2)
  7 deep elf knights
  Nergalle (Orc:1)
  5 deep elf archers
  34 deep elf magi
  3 orc knights (D:12)
  A shining eye (Gauntlet)
  An orc sorcerer (Orc:1)
  A lindwurm (Lair:5)
  An ugly thing (D:11)
  4 cyclopes
  A manticore (D:12)
  A centaur skeleton (D:11)
  26 spiny frogs
  A gargoyle (D:11)
  2 black mambas (Lair:3)
  A spiny frog (shapeshifter) (Elf:1)
  A smoke demon (Gauntlet)
  3 rime drakes
  4 komodo dragons
  A red devil (Gauntlet)
  3 tyrant leeches (Lair:6)
  4 trolls
  24 blink frogs
  3 dream sheep
  12 slime creatures
  A bog body (Lair:4)
  6 hippogriffs
  2 air elementals (Elf:1)
  3 wraiths (D:9)
  2 wyverns
  2 shadows
  A spriggan (Lair:5)
  A vampire (D:12)
  3 water elementals
  2 fire elementals
  40 yaks
  A golden eye (Gauntlet)
  2 hungry ghosts
  8 vampire mosquitoes
  A soldier ant (D:13)
  10 wargs
  3 nagas (Lair:4)
  11 water moccasins
  6 porcupines
  3 black bears
  3 ice beasts
  17 orc warriors
  6 phantoms
  19 ogres
  3 wolves (Lair:5)
  10 centaurs
  20 crocodiles
  23 bullfrogs
  8 big kobolds
  3 earth elementals
  A wyvern zombie (D:11)
  2 scorpions
  12 killer bees
  2 electric eels (Lair:6)
  5 howler monkeys
  10 crimson imps
  2 quasits (D:11)
  2 bullfrog skeletons
  33 orc priests
  5 hounds
  3 jellies
  5 iguanas
  Natasha (thrice) (D:2)
  23 orc wizards
  7 worker ants
  4 hound skeletons
  3 gnolls
  A howler monkey skeleton (D:9)
  19 adders
  5 river rats
  4 shadow imps
  4 oozes
  2 adder skeletons (D:6)
  6 worms
  4 dart slugs
  110 orcs
  8 ball pythons
  17 giant cockroaches
  8 goblins
  6 hobgoblins
  6 jackals
  2 quokkas
  A ball python skeleton (D:5)
  A ball python zombie (D:5)
  9 bats
  7 frilled lizards
  12 kobolds
  A leopard gecko skeleton (D:6)
  A leopard gecko zombie (D:3)
  A quokka skeleton (D:4)
  14 rats
  A plant (D:3)
778 creatures vanquished.

Vanquished Creatures (collateral kills)
  A minotaur (Gauntlet)
  2 vampire mosquitoes (D:12)
  An ogre (D:12)
  A quokka (D:12)
5 creatures vanquished.

Vanquished Creatures (others)
  A deep elf death mage (Elf:1)
  A deep elf knight (Elf:1)
  A deep elf archer (Elf:1)
  A water elemental (Elf:1)
  14 fungi
  40 plants
58 creatures vanquished.

Grand Total: 841 creatures vanquished

Notes
Turn   | Place    | Note
-------+----------+-------------------------------------------
     0 | D:1      | Electrofox the Minotaur Berserker began the quest for the
                  | Orb.
     0 | D:1      | Reached XP level 1. HP: 19/19 MP: 0/0
   346 | D:1      | Reached XP level 2. HP: 26/26 MP: 1/1
   791 | D:1      | Reached skill level 5 in Polearms
   799 | D:1      | Reached ** piety under Trog
  1207 | D:2      | Reached XP level 3. HP: 30/31 MP: 2/2
  1535 | D:2      | Noticed Natasha
  1549 | D:2      | Killed Natasha
  1684 | D:1      | Reached XP level 4. HP: 38/39 MP: 3/3
  1765 | D:2      | Noticed Natasha
  2157 | D:2      | Found a hide-covered altar of Uskayaw.
  2158 | D:2      | Found a basalt altar of Yredelemnul.
  2158 | D:2      | Found an ornate altar of the Wu Jian Council.
  2159 | D:2      | Found an iron altar of Okawaru.
  2182 | D:2      | Killed Natasha
  2182 | D:2      | Reached XP level 5. HP: 34/45 MP: 4/4
  2304 | D:2      | Noticed Natasha
  2313 | D:2      | Killed Natasha
  2376 | D:2      | Reached *** piety under Trog
  2689 | D:3      | Reached XP level 6. HP: 36/51 MP: 5/5
  4031 | D:4      | Reached **** piety under Trog
  4037 | D:4      | Reached XP level 7. HP: 57/57 MP: 6/6
  4693 | D:5      | Entered Level 5 of the Dungeon
  4851 | D:5      | Reached skill level 5 in Armour
  5004 | D:5      | Found a glowing drain.
  5011 | D:5      | Reached skill level 10 in Polearms
  5015 | Sewer    | Entered a sewer
  5354 | Sewer    | Reached XP level 8. HP: 64/64 MP: 7/7
  6489 | D:5      | Found a staircase to the Ecumenical Temple.
  7638 | D:6      | Reached XP level 9. HP: 70/70 MP: 8/8
  8367 | D:7      | Got a sapphire rapier
  8368 | D:7      | Identified the +4 rapier "Hahibut" {venom, +Fly rF- Int-3
                  | Dex+8} (You found it on level 7 of the Dungeon)
  8585 | D:8      | Reached skill level 10 in Armour
  8592 | D:8      | Reached ***** piety under Trog
  9466 | D:9      | Noticed a death yak
  9466 | D:9      | Noticed a death yak
  9507 | D:9      | Reached XP level 10. HP: 72/77 MP: 9/9
  9695 | D:9      | Found the +5 scythe "Finisher" {speed, eviscerate}
 10001 | D:9      | Noticed a death yak
 10501 | D:9      | Noticed Erica
 10524 | D:9      | Killed Erica
 10531 | D:9      | Found a staircase to the Lair.
 10727 | D:9      | Killed a death yak
 10727 | D:9      | Reached skill level 5 in Fighting
 10871 | D:9      | Noticed a death yak
 10902 | D:9      | Killed a death yak
 10902 | D:9      | Reached skill level 6 in Fighting
 10953 | D:9      | Noticed a death yak
 10953 | D:9      | Noticed a death yak
 11160 | D:9      | Killed a death yak
 11160 | D:9      | Reached XP level 11. HP: 10/91 MP: 1/10
 11563 | D:10     | Entered Level 10 of the Dungeon
 11567 | D:9      | Reached skill level 7 in Fighting
 12719 | D:10     | Reached skill level 8 in Fighting
 13103 | D:8      | Killed a death yak
 13255 | D:8      | Killed a death yak
 13255 | D:8      | Reached skill level 9 in Fighting
 13367 | D:9      | Killed a death yak
 13661 | D:10     | Reached skill level 1 in Shields
 14830 | D:11     | Reached skill level 10 in Fighting
 15672 | D:12     | Noticed a two-headed ogre
 15672 | D:12     | Noticed an ogre mage
 15701 | D:12     | Killed a two-headed ogre
 15702 | D:12     | HP: 5/151 [ogre/+0 giant club (23)]
 15703 | D:12     | Reached skill level 11 in Fighting
 15706 | D:12     | HP: 1/153 [vampire mosquito (5)]
 16201 | D:12     | Noticed a cyan ugly thing
 16218 | D:11     | Killed a cyan ugly thing
 16218 | D:11     | Reached XP level 12. HP: 84/110 MP: 8/11
 16424 | D:12     | Found a staircase to the Orcish Mines.
 16845 | D:12     | Killed an ogre mage
 16889 | D:12     | Reached skill level 12 in Fighting
 17213 | D:12     | Reached skill level 5 in Dodging
 17977 | D:12     | Noticed a three-headed hydra
 17985 | D:12     | Killed a three-headed hydra
 17985 | D:12     | Reached skill level 13 in Fighting
 18534 | D:13     | Noticed a vault guard
 18606 | D:13     | Killed a vault guard
 18971 | D:13     | Found a gate to the Vaults.
 18978 | D:13     | Noticed a vault guard
 19023 | D:13     | Killed a vault guard
 19196 | D:13     | Noticed a vault guard
 19228 | D:13     | Killed a vault guard
 19228 | D:13     | Reached skill level 14 in Fighting
 19466 | D:13     | Noticed a centaur warrior
 19482 | D:13     | Killed a centaur warrior
 19625 | D:12     | Received a gift from Trog
 19754 | D:13     | Reached XP level 13. HP: 100/125 MP: 12/12
 20266 | Orc:1    | Entered Level 1 of the Orcish Mines
 20280 | D:12     | Reached skill level 15 in Fighting
 20893 | Orc:2    | Entered Level 2 of the Orcish Mines
 20893 | Orc:2    | Found a gate leading to a gauntlet.
 20898 | Gauntlet | Entered a Gauntlet
 20898 | Gauntlet | Found a transporter.
 20898 | Gauntlet | Found a transporter.
 20917 | Gauntlet | Found a transporter.
 20920 | Gauntlet | Found a transporter.
 20930 | Gauntlet | Found a transporter.
 20933 | Gauntlet | Found a transporter.
 20943 | Gauntlet | Found a transporter.
 20962 | Gauntlet | Found a transporter.
 20966 | Gauntlet | Found a runed translucent door.
 20972 | Gauntlet | Found a transporter.
 20975 | Gauntlet | Found a transporter.
 20977 | Gauntlet | Found a runed translucent door.
 20979 | Gauntlet | Found a runed translucent door.
 20988 | Gauntlet | Found a transporter.
 20991 | Gauntlet | Found a transporter.
 21172 | Gauntlet | HP: 6/127 [poisoned by a red devil]
 21177 | Gauntlet | HP: 6/127 [poisoned by a red devil]
 21185 | Gauntlet | HP: 6/127 [poisoned by a red devil]
 21868 | Gauntlet | Identified the +6 rapier of Pixur {vamp, *Contam rElec rC++
                  | rN+++}
 21868 | Gauntlet | Noticed a minotaur
 21872 | Gauntlet | Killed a minotaur
 21880 | Gauntlet | Identified the Volume of Execration
 22102 | Orc:2    | Reached skill level 16 in Fighting
 22157 | Orc:2    | Received a gift from Trog
 22200 | Orc:2    | Found a staircase to the Elven Halls.
 22213 | Orc:2    | Found a roughly hewn altar of Beogh.
 22800 | Orc:1    | Noticed Nergalle
 22832 | Orc:1    | Killed Nergalle
 22833 | Orc:1    | Reached skill level 17 in Fighting
 23159 | Orc:2    | Found Ytieg's Gadget Shop.
 23215 | Orc:2    | Found Zutiowk's Assorted Antiques.
 23330 | Orc:2    | Found Tiodarik's Assorted Antiques.
 23565 | Orc:2    | Found Woutroemn's Armour Emporium.
 24118 | Lair:1   | Entered Level 1 of the Lair of Beasts
 24191 | Lair:1   | You fall through a shaft!
 24501 | Lair:1   | Received a gift from Trog
 24904 | Lair:1   | Found a radiant altar of Vehumet.
 25433 | Lair:2   | Reached skill level 18 in Fighting
 25439 | Lair:2   | Reached skill level 1 in Evocations
 25439 | Lair:2   | Reached XP level 14. HP: 143/143 MP: 13/13
 27140 | Lair:4   | Found a staircase to the Snake Pit.
 27436 | Lair:4   | Found a staircase to the Swamp.
 27590 | Lair:4   | Reached skill level 10 in Dodging
 27764 | Lair:5   | Found a runed translucent door.
 27764 | Lair:5   | Noticed Qeimiotua's ghost (journeyman MiFi)
 27819 | Lair:5   | Reached ****** piety under Trog
 28492 | Lair:6   | Entered Level 6 of the Lair of Beasts
 28871 | Lair:5   | Received a gift from Trog
 29516 | Lair:6   | Reached skill level 5 in Evocations
 29649 | Lair:6   | Found a runed translucent door.
 29650 | Lair:6   | Found a viscous altar of Jiyva.
 29654 | Lair:6   | Found a staircase to the Slime Pits.
 30349 | Lair:6   | Received a gift from Trog
 30349 | Lair:6   | Reached skill level 19 in Fighting
 30349 | Lair:6   | Reached XP level 15. HP: 132/152 MP: 18/18
 31235 | Elf:1    | Entered Level 1 of the Elven Halls
 33272 | Elf:1    | Received a gift from Trog
 33358 | Elf:1    | Noticed a deep elf sorcerer
 33368 | Elf:1    | Killed a deep elf sorcerer
 33437 | Elf:1    | Reached skill level 20 in Fighting
 35421 | Elf:2    | Found Borey's Book Shoppe.
 35616 | Elf:2    | HP: 4/157 [burnt (6)]
 35617 | Elf:2    | HP: 1/157 [burnt (4)]
 35618 | Elf:2    | Incinerated by a deep elf mage

Skill      XL: |  1  2  3  4  5  6  7  8  9 10 11 12 13 14 15 |
---------------+----------------------------------------------+-----
Polearms       | 4 5 6 8 9 10 11 13 14 | 14.0
Armour         | 3 5 8 11 13 14 | 14.0
Fighting       | 6 11 14 18 19 20 | 20.7
Shields        | 4 |  4.2
Dodging        | 3 7 8 11 12 | 12.0
Evocations     | 1 5 7 |  7.9

Action                   |  1- 3 |  4- 6 |  7- 9 | 10-12 | 13-15 || total
-------------------------+-------+-------+-------+-------+-------++-------
Melee: Spear             |   107 |   181 |   269 |       |       ||   557
       Headbutt          |     9 |    31 |    60 |   199 |   278 ||   577
       Trident           |       |       |   126 |   854 |       ||   980
       Demon trident     |       |       |       |    11 |  1458 ||  1469
 Fire: Hunting sling     |       |    53 |   191 |    82 |    42 ||   368
Throw: Stone             |    37 |    15 |       |       |       ||    52
Invok: Trog's Hand       |       |     1 |       |     3 |    10 ||    14
       Berserk           |       |       |       |     4 |     4 ||     8
       Brothers in Arms  |       |       |       |     1 |     1 ||     2
 Abil: Evoke Invisibilit |       |       |       |       |     3 ||     3
Evoke: Wand              |       |       |       |       |     5 ||     5
  Use: Scroll            |       |     2 |    12 |     5 |    13 ||    32
       Potion            |       |       |       |       |     5 ||     5
 Stab: Sleeping          |       |     1 |     1 |       |       ||     2
       Invisible         |       |       |       |       |     7 ||     7
       Distracted        |       |       |       |       |     1 ||     1
  Eat: Chunk             |     2 |     8 |    14 |    33 |    39 ||    96
       Ration            |       |       |     1 |     2 |     6 ||     9
Armor: Leather armour    |    10 |    10 |     7 |       |       ||    27
       Chain mail        |       |       |    61 |   242 |       ||   303
       Plate armour      |       |       |       |     7 |   352 ||   359
Dodge: Dodged            |    37 |    57 |    90 |   228 |   346 ||   758
Block: Buckler           |       |       |       |    62 |   363 ||   425
       Reflection        |       |       |       |     9 |    17 ||    26
       Other             |       |       |       |       |    10 ||    10
